 Dungeon Crawl Stone Soup version 0.30.1-11-g7821555f0a (webtiles) character file.

Game seed: 13649377178820212348

61901 GimliDwarf the Thaumaturge (level 15, -5/118 HPs)
             Began as a Gnoll Warper on Jan 9, 2024.
             Was the Champion of Qazlal.
             Succumbed to an orc warlord's poison
             ... on level 1 of the Orcish Mines.
             The game lasted 01:08:22 (18737 turns).

GimliDwarf the Thaumaturge (Gnoll Warper)          Turns: 18737, Time: 01:08:22

Health: -5/118     AC: 26    Str: 11    XL:     15   Next: 4%
Magic:  17/40      EV: 19    Int: 20    God:    Qazlal [******]
Gold:   1457       SH: 15    Dex: 20    Spells: 5/36 levels left

rFire   + . .        E - +8 long sword "Undertaker" {heavy, rF+ Dex+4}
rCold   . . .        U - +0 buckler
rNeg    . . .        h - +3 troll leather armour
rPois   .            S - +3 hat of Pondering {ponderous, Will+ MP+10 Int+5}
rElec   .            i - +0 cloak
rCorr   .            w - +2 pair of gloves
SInv    .            I - +1 pair of boots
Will    ++...        r - amulet of regeneration
Stlth   +            T - +4 ring of protection
HPRegen 1.99/turn    D - ring of wizardry
MPRegen 0.27/turn

%: repel missiles, wizardry (x1)
@: lethally poisoned (-5 -> -59), protected from physical damage, slow
A: fangs 1, strong nose, distributed training
a: Renounce Religion, Upheaval, Elemental Force, Disaster Area


You were on level 1 of the Orcish Mines.
You worshipped Qazlal.
Qazlal was exalted by your worship.
You visited 4 branches of the dungeon, and saw 21 of its levels.
You also visited: Ice Cave.

You collected 1457 gold pieces.

Inventory:

Hand Weapons
 f - a +2 quarterstaff of chaos
 u - a +4 scimitar
 E - the +8 long sword "Undertaker" (weapon) {heavy, rF+ Dex+4}
   (You found it on level 6 of the Dungeon)

   Dex:       It affects your dexterity (+4).
   rF:        It protects you from fire.
Missiles
 d - 3 boomerangs of dispersal
 k - 45 poisoned darts
 C - 14 javelins
 J - 6 boomerangs
 K - a curare-tipped dart
Armour
 h - a +3 troll leather armour (worn)
 i - a +0 cloak (worn)
 q - the +3 leather armour of the Prince of Darkness {-Tele rC+ rN++ Stlth+}
   (You found it on level 2 of the Dungeon)

   rC:        It protects you from cold.
   rN:        It greatly protects you from negative energy.
   -Tele:     It prevents most forms of teleportation.
   Stlth:     It makes you more stealthy.
 w - a +2 pair of gloves (worn)
 I - a +1 pair of boots (worn)
 S - the +3 hat of Pondering (worn) {ponderous, Will+ MP+10 Int+5}
   (You took it off Gastronok on level 2 of the Lair of Beasts)

   Int:       It affects your intelligence (+5).
   MP:        It affects your magic capacity (+10).
   Will:      It increases your willpower.
 U - a +0 buckler (worn)
Jewellery
 r - an amulet of regeneration (around neck)
 t - a ring of protection from cold
 B - a ring of protection from fire
 D - a ring of wizardry (right hand)
 F - a ring of positive energy
 T - a +4 ring of protection (left hand)
Wands
 a - a wand of paralysis (21)
 l - a wand of polymorph (10)
 p - a wand of iceblast (14)
 A - a wand of flame (28)
Scrolls
 b - a scroll of magic mapping
 c - 4 scrolls of blinking
 n - 8 scrolls of teleportation
 y - 3 scrolls of amnesia
 M - 2 scrolls of summoning
 R - a scroll of poison
Potions
 e - 8 potions of invisibility
 g - 4 potions of cancellation
 j - 3 potions of haste
 m - 4 potions of mutation
 o - 2 potions of ambrosia
 s - 5 potions of heal wounds
 x - 11 potions of curing
 z - 3 potions of berserk rage
 G - a potion of magic
 H - 3 potions of lignification
 L - 4 potions of might
 N - 2 potions of resistance
 O - a potion of flight {unknown}
 P - 3 potions of brilliance
Miscellaneous
 Q - a lightning rod (4/4)


   Skills:
 + Level 11.1 Fighting
 + Level 10.1 Short Blades
 + Level 11.1 Long Blades
 + Level 10.1 Axes
 + Level 10.1 Maces & Flails
 + Level 10.1 Polearms
 + Level 10.1 Staves
 + Level 10.1 Ranged Weapons
 + Level 10.4 Throwing
 + Level 10.4 Armour
 + Level 11.1 Dodging
 + Level 10.1 Stealth
 + Level 10.1 Shields
 + Level 10.1 Unarmed Combat
 + Level 11.2 Spellcasting
 + Level 8.4 Conjurations
 + Level 8.4 Hexes
 + Level 8.4 Summonings
 + Level 8.4 Necromancy
 + Level 10.1 Translocations
 + Level 8.4 Transmutations
 + Level 8.4 Fire Magic
 + Level 8.4 Ice Magic
 + Level 8.4 Air Magic
 + Level 8.4 Earth Magic
 + Level 8.4 Poison Magic
 + Level 11.0 Invocations
 + Level 10.1 Evocations


You had 5 spell levels left.
You knew the following spells:

 Your Spells              Type           Power      Damage    Failure   Level
a - Iskenderun's Mystic   Conj/Tloc      48%        2d11      1%          4
b - Freezing Cloud        Conj/Ice/Air   22%        6-21      3%          5
c - Manifold Assault      Tloc           51%        N/A       1%          4
d - Mephitic Cloud        Conj/Pois/Air  45%        N/A       1%          3
e - Blink                 Tloc           100%       N/A       1%          2
f - Vhi's Electric Charg  Tloc/Air       96%        N/A       1%          3
g - Lee's Rapid Deconstr  Erth           22%        3d13*     3%          5
h - Borgnjor's Vile Clut  Necr/Erth      22%        N/A       3%          5

Your spell library contained the following spells:

 Spells                   Type           Power      Damage    Failure   Level
 Magic Dart               Conj           100%       1d8       1%          1
 Necrotise                Necr           100%       1d9       1%          1
 Call Imp                 Summ           90%        N/A       1%          2
 Lesser Beckoning         Tloc           100%       N/A       1%          2
 Poisonous Vapours        Pois/Air       90%        N/A       1%          2
 Hailstorm                Conj/Ice       45%        3d10      1%          3
 Teleport Other           Tloc           51%        N/A       1%          3
 Vampiric Draining        Necr           45%        2d9       1%          3
 Volatile Blastmotes      Fire/Tloc      96%        2d18      1%          3
 Fulminant Prism          Conj/Hex       22%        3d12      1%          4
 Ice Form                 Ice/Tmut       45%        N/A       1%          4
 Summon Lightning Spire   Summ/Air       45%        N/A       1%          4
 Agony                    Necr           45%        N/A       3%          5
 Alistair's Intoxication  Tmut/Pois      30%        N/A       3%          5
 Eringya's Noxious Bog    Tmut/Pois      22%        N/A       19%         6
 Simulacrum               Ice/Necr       22%        N/A       19%         6
 Storm Form               Tmut/Air       22%        N/A       67%         7
 Maxwell's Capacitive Co  Air            22%        ∞         100%        8


Dungeon Overview and Level Annotations

Branches:
Dungeon (13/15)            Temple (1/1) D:5            Lair (5/5) D:11
  Swamp (0/4) Lair:3       Spider (0/4) Lair:3        Slime (0/5) Lair:5
    Orc (2/2) D:9          Vaults (0/5) D:13          IceCv (visited)
    Elf: Orc:2

Altars:
Ashenzari
Cheibriados
Dithmenos
Elyvilon
Fedhas
Gozag
Hepliaklqana
Kikubaaqudgha
Makhleb
Nemelex Xobeh
Okawaru
Qazlal
Ru
Sif Muna
Trog
Uskayaw
Vehumet
Wu Jian
Xom
Yredelemnul
Zin
The Shining One
Ignis
Jiyva

Shops:
D:2 *

Annotations:
D:4 Menkaure
D:5 2 transporters, AberrantSnake's ghost, novice NaVM


Innate Abilities, Weirdness & Mutations

You have very sharp teeth.
Your uncanny sense of smell can sniff out nearby items.
Your experience applies equally to all skills.


Message History

Space momentarily warps into an impossible shape!
You slash the orc priest!
You hit the orc warrior but do no damage.
You slash the orc priest!
You hear a shout! x2
The orc warlord seems less confused.
The sun demon is engulfed in freezing vapours.
The sun demon hits you!
You are engulfed in flames.
You resist. You block the red devil's attack. The orc knight barely misses you.
The orc warlord hits you from afar with a +3 glaive of venom!!
You are poisoned.
The orc knight hits you with a +0 dire flail.
The orc warrior is engulfed in noxious fumes.
The orc warrior appears confused.
The orc priest calls upon Beogh to heal the orc high priest.
The orc high priest is healed somewhat.
An orc high priest comes into view. It is wielding a +0 flail.
The orc priest hits itself with a +0 hand axe.
The orc priest is killed!
Qazlal accepts your kill.
The sun demon is engulfed in freezing vapours.
You block the sun demon's attack.
You feel extremely sick.
You hear a shout! x4
The orc high priest seems less confused.
You block the red devil's attack.
The orc warlord hits you from afar with a +3 glaive of venom!!
* * * LOW HITPOINT WARNING * * *
You are lethally poisoned!
The orc knight barely misses you. The orc knight misses you.
The orc high priest calls upon Beogh to heal the orc priest.
The orc priest is healed somewhat.
You block the orc priest's attack.
The orc priest hits itself with a +0 dagger.
The orc priest is killed!
Qazlal accepts your kill.
The sun demon is engulfed in freezing vapours.
You kill the sun demon!
The sun demon disappears in a puff of smoke!
You climb upwards.
You die...

##.##.............##
####.##.....[.[..#
#......[.......#
##....#........##
##...............#
##........[.......#
##.................#
#.......[....[.....#
##......<..)@[.....#
##..#..[).o.......#
####..[..........#
###.#[#..[........##
##......##)#.##....##
#......##..[[.......#
##.#..)#...........##
##.....#....##.....#
##.........####..##


You could see an orc knight (strong).

Vanquished Creatures
  Gastronok (Lair:2)
  A vault guard (D:12)
  A centaur warrior (D:13)
  2 boulder beetles
  3 death yaks
  3 two-headed ogres
  An orc high priest (Orc:2)
  Amaemon (D:10)
  2 skysharks (Lair:5)
  5 bog bodies
  An orc knight (Orc:2)
  2 orc sorcerers (Orc:2)
  A deep elf pyromancer (D:12)
  An ugly thing (D:11)
  A wolf spider (Lair:5)
  2 manticores (D:13)
  19 elephants
  Joseph (D:8)
  An orange demon (D:10)
  A guardian serpent (Lair:5)
  An ice statue (IceCv)
  2 torpor snails
  9 black mambas
  A cane toad (shapeshifter) (D:10)
  A rime drake (Lair:5)
  Maggie (D:8)
  11 cane toads
  9 komodo dragons
  2 kobold demonologists (D:10)
  3 anaconda simulacra (IceCv)
  2 unseen horrors (D:11)
  5 trolls
  A tarantella (Lair:3)
  5 blink frogs
  4 hornets
  A polar bear (Lair:1)
  6 dream sheep (Lair:4)
  Grinder (D:3)
  49 yaks
  2 shadows
  9 wyverns
  A dire elephant simulacrum (IceCv)
  A wraith (D:10)
  13 vampire mosquitoes
  A steam dragon (D:8)
  4 death yak simulacra (IceCv)
  2 redbacks (Lair:5)
  3 wargs
  A swamp worm (Lair:3)
  A harpy simulacrum (IceCv)
  An acid dragon (D:11)
  23 water moccasins
  A black bear (D:7)
  23 orc warriors
  An ice beast (D:5)
  9 wolves
  4 ogres
  A centaur (D:9)
  2 phantoms
  7 bullfrogs
  5 kobold brigands
  A gnoll sergeant (D:12)
  4 scorpions
  5 two-headed ogre simulacra (IceCv)
  2 cane toad simulacra (IceCv)
  An elephant simulacrum (IceCv)
  16 killer bees
  9 electric eels
  A howler monkey (D:11)
  4 lava snakes (Lair:3)
  3 hounds
  A jelly (D:7)
  17 orc priests
  2 gnoll boudas
  Crazy Yiuf (D:5)
  Jessica (D:2)
  4 iguanas
  13 orc wizards
  A hell rat (D:11)
  7 troll simulacra (IceCv)
  6 spriggan simulacra (IceCv)
  A polar bear simulacrum (IceCv)
  4 wolf simulacra (IceCv)
  Robin (D:2)
  14 gnolls
  5 adders
  4 naga simulacra (IceCv)
  A shadow imp (D:6)
  6 white imps
  8 ufetubi
  A worm (D:2)
  3 dart slugs
  80 orcs
  10 ball pythons
  8 endoplasms
  3 giant cockroaches
  13 goblins
  A hobgoblin (D:4)
  18 kobolds
  2 quokkas
  4 bats
  3 frilled lizards
  10 rats
578 creatures vanquished.

Vanquished Creatures (collateral kills)
  An orc warlord (Orc:1)
  3 orcs (Orc:1)
4 creatures vanquished.

Vanquished Creatures (others)
  2 orc wizards
2 creatures vanquished.

Grand Total: 584 creatures vanquished

Notes
Turn   | Place    | Note
-------+----------+-------------------------------------------
     0 | D:1      | GimliDwarf the Gnoll Warper began the quest for the Orb.
     0 | D:1      | Reached XP level 1. HP: 20/20 MP: 6/6
   142 | D:1      | Reached XP level 2. HP: 26/26 MP: 7/7
   154 | D:1      | Learned a level 2 spell: Blink
   417 | D:1      | Reached skill level 5 in Spellcasting
   417 | D:1      | Reached XP level 3. HP: 31/31 MP: 7/9
   604 | D:2      | Reached skill level 1 in Invocations
   745 | D:2      | Reached skill level 1 in Short Blades
   745 | D:2      | Reached skill level 1 in Axes
   745 | D:2      | Reached skill level 1 in Maces & Flails
   745 | D:2      | Reached skill level 1 in Polearms
   745 | D:2      | Reached skill level 1 in Staves
   745 | D:2      | Reached skill level 1 in Ranged Weapons
   745 | D:2      | Reached skill level 1 in Stealth
   745 | D:2      | Reached skill level 1 in Shields
   745 | D:2      | Reached skill level 1 in Unarmed Combat
   745 | D:2      | Reached skill level 1 in Evocations
   745 | D:2      | Reached XP level 4. HP: 38/38 MP: 11/11
   807 | D:2      | Noticed Jessica
   814 | D:2      | Killed Jessica
   815 | D:2      | Reached skill level 1 in Conjurations
   815 | D:2      | Reached skill level 1 in Hexes
   815 | D:2      | Reached skill level 1 in Summonings
   815 | D:2      | Reached skill level 1 in Necromancy
   815 | D:2      | Reached skill level 1 in Transmutations
   815 | D:2      | Reached skill level 1 in Fire Magic
   815 | D:2      | Reached skill level 1 in Ice Magic
   815 | D:2      | Reached skill level 1 in Air Magic
   815 | D:2      | Reached skill level 1 in Earth Magic
   815 | D:2      | Reached skill level 1 in Poison Magic
   901 | D:2      | Noticed Robin
   928 | D:2      | Killed Robin
  1173 | D:2      | Reached XP level 5. HP: 43/43 MP: 12/12
  1337 | D:2      | Found Jaiqidak's Assorted Antiques.
  1396 | D:2      | Identified the +3 leather armour of the Prince of Darkness
                  | {-Tele rC+ rN++ Stlth+}
  2066 | D:3      | Found an ancient bone altar of Kikubaaqudgha.
  2066 | D:3      | Found a sacrificial altar of Ru.
  2083 | D:3      | Noticed Grinder
  2360 | D:3      | Learned a level 3 spell: Vhi's Electric Charge
  2365 | D:3      | Learned a level 4 spell: Manifold Assault
  2369 | D:3      | Learned a level 3 spell: Mephitic Cloud
  2532 | D:4      | Reached XP level 6. HP: 45/50 MP: 14/14
  2566 | D:4      | Noticed Menkaure
  2570 | D:4      | Reached skill level 5 in Fighting
  2570 | D:4      | Reached skill level 5 in Long Blades
  2570 | D:4      | Reached skill level 5 in Dodging
  3037 | D:5      | Entered Level 5 of the Dungeon
  3317 | D:5      | Reached XP level 7. HP: 56/56 MP: 15/15
  3392 | D:5      | Found a runed translucent door.
  3393 | D:5      | Noticed Crazy Yiuf
  3542 | D:5      | Found a staircase to the Ecumenical Temple.
  3555 | Temple   | Entered the Ecumenical Temple
  3567 | Temple   | Became a worshipper of Qazlal Stormbringer
  3661 | D:5      | Found a hide-covered altar of Uskayaw.
  3747 | D:5      | Found a transporter.
  3747 | D:5      | Identified the +5 scale mail of Gubrig {MP+9}
  3775 | D:5      | Noticed AberrantSnake's ghost (novice NaVM)
  3776 | D:5      | Reached XP level 8. HP: 63/63 MP: 16/16
  3791 | D:5      | Found a transporter.
  3971 | D:5      | Killed Crazy Yiuf
  4724 | D:6      | Identified the +8 long sword "Undertaker" {heavy, rF+
                  | Dex+4}
  4894 | D:7      | Noticed a troll
  4905 | D:7      | Killed a troll
  4971 | D:6      | Learned a level 4 spell: Iskenderun's Mystic Blast
  4977 | D:6      | Learned a level 5 spell: Freezing Cloud
  4987 | D:7      | Found a blossoming altar of Fedhas.
  5095 | D:7      | Reached * piety under Qazlal
  5096 | D:7      | Reached XP level 9. HP: 69/69 MP: 18/18
  5130 | D:7      | Noticed a boulder beetle
  5179 | D:7      | Found a snail-covered altar of Cheibriados.
  5382 | D:7      | Killed a boulder beetle
  5383 | D:7      | Reached skill level 5 in Throwing
  5383 | D:7      | Reached skill level 5 in Armour
  5395 | D:7      | Reached skill level 5 in Invocations
  5627 | D:7      | Found a shimmering altar of Xom.
  5712 | D:8      | Reached skill level 5 in Short Blades
  5712 | D:8      | Reached skill level 5 in Axes
  5712 | D:8      | Reached skill level 5 in Maces & Flails
  5712 | D:8      | Reached skill level 5 in Polearms
  5712 | D:8      | Reached skill level 5 in Staves
  5712 | D:8      | Reached skill level 5 in Ranged Weapons
  5712 | D:8      | Reached skill level 5 in Stealth
  5712 | D:8      | Reached skill level 5 in Shields
  5712 | D:8      | Reached skill level 5 in Unarmed Combat
  5712 | D:8      | Reached skill level 5 in Evocations
  5712 | D:8      | Reached XP level 10. HP: 76/77 MP: 7/20
  5789 | D:8      | Noticed Joseph
  5987 | D:8      | Reached ** piety under Qazlal
  6307 | D:8      | Noticed Maggie
  6320 | D:8      | Killed Maggie
  6405 | D:8      | Found a burning altar of Makhleb.
  6405 | D:8      | Found a hazy altar of Hepliaklqana.
  6405 | D:8      | Found a shadowy altar of Dithmenos.
  6482 | D:8      | Killed Joseph
  6824 | D:3      | Killed Grinder
  7548 | D:9      | Found a basalt altar of Yredelemnul.
  7655 | D:9      | Reached *** piety under Qazlal
  7865 | D:9      | Found a staircase to the Orcish Mines.
  7872 | D:9      | Reached skill level 5 in Conjurations
  7872 | D:9      | Reached skill level 5 in Hexes
  7872 | D:9      | Reached skill level 5 in Summonings
  7872 | D:9      | Reached skill level 5 in Necromancy
  7872 | D:9      | Reached skill level 5 in Transmutations
  7872 | D:9      | Reached skill level 5 in Fire Magic
  7872 | D:9      | Reached skill level 5 in Ice Magic
  7872 | D:9      | Reached skill level 5 in Air Magic
  7872 | D:9      | Reached skill level 5 in Earth Magic
  7872 | D:9      | Reached skill level 5 in Poison Magic
  7882 | D:9      | Reached XP level 11. HP: 84/85 MP: 5/22
  8100 | D:10     | Entered Level 10 of the Dungeon
  8153 | D:10     | Noticed Amaemon
  8731 | D:10     | Killed Amaemon
  9306 | D:11     | Noticed a death yak
  9311 | D:11     | Noticed a death yak
  9311 | D:11     | Noticed a death yak
  9335 | D:10     | Killed a death yak
  9460 | D:11     | Reached **** piety under Qazlal
  9584 | D:11     | Found a staircase to the Lair.
  9611 | D:11     | Killed a death yak
  9611 | D:11     | Killed a death yak
  9612 | D:11     | Reached XP level 12. HP: 62/94 MP: 3/24
  9892 | D:11     | Found a shadowy altar of Dithmenos.
 10315 | D:12     | Noticed a two-headed ogre
 10322 | D:12     | Killed a two-headed ogre
 10507 | D:12     | Noticed a two-headed ogre
 10517 | D:12     | Killed a two-headed ogre
 11849 | D:13     | Found a gate to the Vaults.
 11849 | D:13     | Noticed a centaur warrior
 11849 | D:13     | Noticed a boulder beetle
 11849 | D:13     | Noticed a vault guard
 11849 | D:13     | Noticed a vault guard
 11849 | D:13     | Noticed a vault guard
 11849 | D:13     | Noticed a vault guard
 11849 | D:13     | Noticed a two-headed ogre
 11855 | D:13     | Killed a two-headed ogre
 11859 | D:13     | Noticed a two-headed ogre
 11881 | D:12     | Killed a vault guard
 11883 | D:12     | Killed a boulder beetle
 12077 | D:13     | Killed a centaur warrior
 12139 | Lair:1   | Entered Level 1 of the Lair of Beasts
 12163 | Lair:1   | Reached XP level 13. HP: 65/101 MP: 5/26
 12337 | Lair:1   | Reached ***** piety under Qazlal
 12922 | Lair:2   | Found a frozen archway.
 12931 | IceCv    | Entered an ice cave
 13424 | IceCv    | Reached skill level 10 in Spellcasting
 13798 | Lair:2   | Noticed Gastronok
 13809 | Lair:2   | Killed Gastronok
 14530 | Lair:2   | Learned a level 2 spell: Blink
 14534 | Lair:2   | Learned a level 3 spell: Vhi's Electric Charge
 14624 | Lair:3   | Reached skill level 10 in Fighting
 14624 | Lair:3   | Reached skill level 10 in Long Blades
 14624 | Lair:3   | Reached skill level 10 in Dodging
 14808 | Lair:3   | Learned a level 5 spell: Lee's Rapid Deconstruction
 14814 | Lair:3   | Learned a level 5 spell: Borgnjor's Vile Clutch
 14847 | Lair:3   | Identified the +1 ring mail "Ibuh" {Str+5}
 14856 | Lair:3   | Found a hole to the Spider Nest.
 15319 | Lair:3   | Reached ****** piety under Qazlal
 15357 | Lair:3   | Found a staircase to the Swamp.
 15766 | Lair:4   | Reached skill level 10 in Invocations
 15766 | Lair:4   | Reached XP level 14. HP: 110/110 MP: 28/28
 16642 | Lair:5   | Entered Level 5 of the Lair of Beasts
 16942 | Lair:5   | Reached skill level 10 in Throwing
 16942 | Lair:5   | Reached skill level 10 in Armour
 17066 | Lair:5   | Identified the +6 chain mail "Konwao" {-Cast rC+ Dex+5}
 17160 | Lair:5   | Found a staircase to the Slime Pits.
 17161 | Lair:5   | Found a viscous altar of Jiyva.
 17239 | Lair:5   | Reached skill level 10 in Translocations
 17980 | Orc:1    | Entered Level 1 of the Orcish Mines
 17989 | Orc:1    | Noticed an orc warlord
 18002 | Orc:1    | Killed an orc warlord
 18177 | Orc:2    | Entered Level 2 of the Orcish Mines
 18186 | Orc:2    | Reached skill level 10 in Short Blades
 18186 | Orc:2    | Reached skill level 10 in Axes
 18186 | Orc:2    | Reached skill level 10 in Maces & Flails
 18186 | Orc:2    | Reached skill level 10 in Polearms
 18186 | Orc:2    | Reached skill level 10 in Staves
 18186 | Orc:2    | Reached skill level 10 in Ranged Weapons
 18186 | Orc:2    | Reached skill level 10 in Stealth
 18186 | Orc:2    | Reached skill level 10 in Shields
 18186 | Orc:2    | Reached skill level 10 in Unarmed Combat
 18186 | Orc:2    | Reached skill level 10 in Evocations
 18503 | Orc:2    | Noticed an orc warlord
 18616 | Orc:2    | Reached XP level 15. HP: 115/118 MP: 21/30
 18737 | Orc:1    | Succumbed to an orc warlord's poison

Illustrated notes

Levels and vault maps discovered:
D:1:      matt_arrival_grand_opening, layout_rooms
D:2:      layout_loops_ring, serial_shops, nicolae_shop_waterfront,
          chequers_jeans, minmay_cupped, uniq_robin, uniq_jessica
D:3:      layout_basic, mainiacjoe_overflow_divided_tiny, nicolae_titane,
          uniq_grinder
D:4:      layout_loops_ring, uniq_menkaure
D:5:      layout_rooms, mainiacjoe_overflow_catwalk, temple_fountains,
          gammafunk_ghost_gnarly_gnolls, uniq_crazy_yiuf_cottage
D:6:      layout_cave_pods
D:7:      layout_rooms, mainiacjoe_overflow_alcove_2,
          mainiacjoe_overflow_boulevard, mainiacjoe_overflow_small_starburst,
          st_stairs_2
D:8:      layout_loops_ring, gammafunk_temple_overflow_claw, uniq_maggie,
          uniq_joseph
D:9:      layout_loops_ring, kennysheep_little_box, david_orc_5
D:10:     layout_loops_ring, abandoned_shop, minmay_fractal_squares_gapless_7,
          uniq_amaemon
D:11:     layout_gridville, dpeg_lair_monsters, grunt_dithmenos_shadows
D:12:     layout_cave_pods
D:13:     layout_irregular_city, lightli_vaults_fourway_checkpoint
Temple:   pdpol_scorched_temple
Lair:1:   layout_long_grid, st_stairs_9
Lair:2:   layout_gridlike, portal_ice_cave_entry_pillars_2,
          pdpol_lair_neglected_garden, infiniplex_staircase_pool_2,
          uniq_gastronok
Lair:3:   layout_cave_pods, nicolae_swamp_entry_splash_gauntlet,
          spider_nest_entry_rubble, nicolae_lair_liquid_snakes,
          grunt_megastairs_2, serial_bayou_shore_a, lemuel_fruit_fields,
          serial_bayou_shore_b, lemuel_fruit_tree
Lair:4:   layout_regular_city
Lair:5:   hangedman_lair_tendril_chambers, layout_concentric_octagons,
          slime_entry_1, infiniplex_staircase_pool
Orc:1:    layout_caves, uniq_erica
Orc:2:    st_orc_congregation, layout_diamond_mine

Skill      XL: |  1  2  3  4  5  6  7  8  9 10 11 12 13 14 15 |
---------------+----------------------------------------------+-----
Spellcasting   | 5 6 7 8 9 10 11 | 11.2
Invocations    | 1 2 3 4 5 6 7 8 10 11 | 11.0
Short Blades   | 1 2 3 5 6 7 8 9 10 | 10.1
Axes           | 1 2 3 5 6 7 8 9 10 | 10.1
Maces & Flails | 1 2 3 5 6 7 8 9 10 | 10.1
Polearms       | 1 2 3 5 6 7 8 9 10 | 10.1
Staves         | 1 2 3 5 6 7 8 9 10 | 10.1
Ranged Weapons | 1 2 3 5 6 7 8 9 10 | 10.1
Stealth        | 1 2 3 5 6 7 8 9 10 | 10.1
Shields        | 1 2 3 5 6 7 8 9 10 | 10.1
Unarmed Combat | 1 2 3 5 6 7 8 9 10 | 10.1
Evocations     | 1 2 3 5 6 7 8 9 10 | 10.1
Conjurations   | 1 2 3 4 5 6 7 8 |  8.4
Hexes          | 1 2 3 4 5 6 7 8 |  8.4
Summonings     | 1 2 3 4 5 6 7 8 |  8.4
Necromancy     | 1 2 3 4 5 6 7 8 |  8.4
Transmutations | 1 2 3 4 5 6 7 8 |  8.4
Fire Magic     | 1 2 3 4 5 6 7 8 |  8.4
Ice Magic      | 1 2 3 4 5 6 7 8 |  8.4
Air Magic      | 1 2 3 4 5 6 7 8 |  8.4
Earth Magic    | 1 2 3 4 5 6 7 8 |  8.4
Poison Magic   | 1 2 3 4 5 6 7 8 |  8.4
Throwing       | 3 4 5 6 7 8 9 10 | 10.4
Armour         | 3 4 5 6 7 8 9 10 | 10.4
Fighting       | 5 6 7 8 9 10 11 | 11.1
Long Blades    | 5 6 7 8 9 10 11 | 11.1
Dodging        | 5 6 7 8 9 10 11 | 11.1
Translocations | 6 7 8 9 10 | 10.1

Action                     |  1- 3 |  4- 6 |  7- 9 | 10-12 | 13-15 || total
---------------------------+-------+-------+-------+-------+-------++-------
  Melee: Falchion          |    64 |    58 |       |       |       ||   122
         Bite              |     3 |    14 |    24 |    34 |    57 ||   132
         Unarmed           |       |     3 |       |       |       ||     3
         Punch             |       |     3 |     8 |    10 |    21 ||    42
         Scimitar          |       |    81 |   174 |       |       ||   255
         Long sword        |       |       |    74 |   331 |   465 ||   870
  Throw: Dart              |     4 |    10 |    13 |    13 |     2 ||    42
         Javelin           |     2 |     2 |     5 |     5 |     4 ||    18
         Boomerang         |     1 |     2 |     1 |     7 |     3 ||    14
   Cast: Manifold Assault  |       |       |    12 |    43 |    28 ||    83
         Mephitic Cloud    |       |       |     2 |    33 |     8 ||    43
         Iskenderun's Myst |       |       |       |     5 |    15 ||    20
         Freezing Cloud    |       |       |       |     9 |    42 ||    51
         Vhi's Electric Ch |       |       |       |       |    25 ||    25
         Blink             |       |       |       |       |     1 ||     1
 Invoke: Elemental Force   |       |       |       |       |     1 ||     1
  Evoke: Wand              |       |       |       |     6 |     6 ||    12
         Lightning rod     |       |       |       |       |     1 ||     1
    Use: Scroll            |       |    10 |     6 |     8 |    10 ||    34
         Potion            |       |       |       |     1 |     1 ||     2
   Stab: Sleeping          |     2 |     9 |     4 |       |       ||    15
         Distracted        |       |       |     2 |       |       ||     2
         Confused          |       |       |     1 |    11 |     1 ||    13
 Armour: Leather armour    |    24 |    46 |   110 |   113 |    61 ||   354
         Troll leather arm |       |       |       |       |    83 ||    83
  Dodge: Dodged            |    51 |    91 |   169 |   322 |   338 ||   971
         Repelled          |       |       |       |       |     4 ||     4
  Block: Other             |       |       |     6 |    70 |   143 ||   219
         Buckler           |       |       |       |       |    55 ||    55
